 Dungeon Sprint DCSS version 0.27-a0-1431-gcffa5a9b16 (webtiles) character file.

Game seed: 12717098676335659635

25256 mhtbhm the Sorcerer (level 12, -3/60 HPs)
             Began as a Deep Elf Earth Elementalist on July 2, 2021.
             Was the Champion of Vehumet.
             Slain by a ghost moth (13 damage)
             ... in the Dungeon (Sprint VII: "The Pits").
             The game lasted 00:08:55 (3520 turns).

mhtbhm the Sorcerer (Deep Elf Earth Elementalist)   Turns: 3520, Time: 00:08:56

Health: -3/60      AC:  3    Str:  5    XL:     12   Next: 87%
Magic:  16/44      EV: 23    Int: 29    God:    Vehumet [******]
Gold:   57         SH:  0    Dex: 15    Spells: 30/64 levels left

rFire    . . .     SeeInvis .   l - staff of earth
rCold    . . .     Faith    .   (no shield)
rNeg     . . .     Spirit   .   b - +0 robe
rPois    .         Reflect  .   (no helmet)
rElec    .         Harm     .   r - +0 cloak
rCorr    .         Rampage  .   (no gloves)
Will     +....     NoTele   +   (no boots)
Stlth    +++.......             (no amulet)
HPRegen  0.20/turn              n - +3 ring of intelligence
MPRegen  0.29/turn              s - ring of the Hare {EV+8}

@: no status effects
A: no striking features
a: Renounce Religion


You were in the Dungeon.
You worshipped Vehumet.
Vehumet was exalted by your worship.
You visited 1 branch You collected 57 gold pieces.

Inventory:

Missiles
 i - 65 stones
 m - a curare-tipped dart (quivered)
Armour
 b - a +0 robe (worn)
 r - a +0 cloak (worn)
Magical Staves
 l - a staff of earth (weapon)
Jewellery
 n - a +3 ring of intelligence (left hand)
 s - the ring of the Hare (right hand) {EV+8}
   (You found it in the Dungeon)

   [ring of evasion]

   EV:        It affects your evasion (+8).
 u - a +4 ring of evasion
 v - a ring of willpower
 x - a ring of protection from fire
Wands
 t - a wand of iceblast (5)
Scrolls
 h - 2 scrolls of blinking
 j - 5 scrolls of amnesia
 k - a scroll of summoning
 w - a scroll of identify
 y - a scroll of immolation
 z - a scroll of fog
 A - 4 scrolls of fear
 B - 4 scrolls of enchant armour
 C - 2 scrolls of enchant weapon
Potions
 a - 2 potions of invisibility
 c - 9 potions of curing
 d - 12 potions of heal wounds
 e - 3 potions of haste
 f - 3 potions of magic
 g - 3 potions of berserk rage
 p - 2 potions of might
 q - a potion of brilliance
 D - a potion of mutation
Miscellaneous
 E - a piece from Xom's chessboard (15/15)


   Skills:
 + Level 1.0 Fighting
 + Level 7.0 Dodging
 + Level 5.5 Stealth
 + Level 26.8 Spellcasting
 + Level 4.1 Conjurations
 + Level 3.0 Transmutations
 + Level 22.8 Earth Magic
 + Level 1.0 Evocations


You had 30 spell levels left.
You knew the following spells:

 Your Spells              Type           Power      Damage    Failure   Level
a - Sandblast             Erth           100%       2d20      0%          1
b - Passwall              Tmut/Erth      89%        N/A       0%          2
c - Stone Arrow           Conj/Erth      100%       3d13      0%          3
d - Lee's Rapid Deconstr  Erth           65%        3d31*     0%          5
e - Petrify               Tmut/Erth      100%       N/A       1%          4
f - Bolt of Magma         Conj/Fire/Erth 47%        4d19      1%          5
g - Iron Shot             Conj/Erth      54%        9d10      1%          6
h - Lehudib's Crystal Sp  Conj/Erth      54%        10d13     4%          8

Your spell library contained the following spells:

 Spells                   Type           Power      Damage    Failure   Level
 Shatter                  Erth           65%        3d48*     1%          9
 Chain Lightning          Conj/Air       25%        3d33      100%        9
 Polar Vortex             Ice            19%        N/A       100%        9


Dungeon Overview and Level Annotations

Branches:
Dungeon (1/1)

Altars:
Ashenzari
Cheibriados
Dithmenos
Elyvilon
Fedhas
Gozag
Hepliaklqana
Kikubaaqudgha
Makhleb
Nemelex Xobeh
Okawaru
Qazlal
Ru
Sif Muna
Trog
Uskayaw
Vehumet
Wu Jian
Xom
Yredelemnul
Zin
The Shining One
Beogh
Jiyva
Lugonu


Message History

You blow up the yaktaur!
Vehumet accepts your kill.
Your Transmutations skill increases to level 3!
Unknown command.
You now have 57 gold pieces (gained 14).
Things that are here:
a +0 flail; a +0 arbalest; 15 bolts You close the door, pushing everything out of the way.
You start resting.
Something unseen opens the door.
Casting: Lee's Rapid Deconstruction (safe; 0% risk of failure)
Confirm with . or Enter, or press ? or * to list all spells.
You can't see any susceptible monsters within range! (Use Z to cast anyway.)
Casting: Lee's Rapid Deconstruction (safe; 0% risk of failure)
Confirm with . or Enter, or press ? or * to list all spells.
Aiming: Lee's Rapid Deconstruction (safe; 0% risk of failure)
Press: ? - help, Dir - move target A metal wall.
You feel a surge of power!
The metal wall shatters!
Vehumet accepts your kill.
You feel your power returning.
You feel a bit more experienced.
Unknown command.
Unknown command.
Unknown command.
You start resting.
Something misses you. Something hits you!
Deactivating autopickup; reactivate with Ctrl-A.
Something stings you.
Casting: Lee's Rapid Deconstruction (safe; 0% risk of failure)
Confirm with . or Enter, or press ? or * to list all spells.
Aiming: Lee's Rapid Deconstruction (safe; 0% risk of failure)
Press: ? - help, Dir - move target A metal wall.
You feel a surge of power!
The metal wall shatters!
The blast of metal fragments hits something!!
You feel you are being watched by something.
You feel your power leaking away. Something hits you!
* * * LOW HITPOINT WARNING * * *
Something hits you!
You die...

###################
#..................
#..................
#..################ #..##.# #
#.†#†# # #..'# # #.@# # #..# #
#..# # #############.........
#_________.##.........
#_________.###########
#_______...###########++#######
##########'##................##
#.?..')))'.##......#..#......##


There were no monsters in sight!

Vanquished Creatures
  A shadow dragon (D)
  An emperor scorpion (D)
  A deep elf demonologist (D)
  A black draconian (D)
  A merfolk impaler (D)
  Harold (D)
  A rakshasa (D)
  A merfolk avatar (D)
  A death knight (D)
  A two-headed ogre (D)
  An orc high priest (D)
  2 sea snakes (D)
  2 spriggan druids (D)
  2 swamp dragons (D)
  3 harpies (D)
  2 deep elf zephyrmancers (D)
  An ugly thing (D)
  2 manticores (D)
  2 elephants (D)
  A smoke demon (D)
  2 molten gargoyles (D)
  A gargoyle (D)
  An orange demon (D)
  A komodo dragon (D)
  A freezing wraith (D)
  3 yaktaurs (D)
  An ice devil (D)
  A wandering mushroom (D)
  A hellwing (D)
  A troll (D)
  4 merfolk (D)
  A jumping spider (D)
  A wind drake (D)
  A hornet (D)
  A snapping turtle (D)
  A shadow (D)
  A wraith (D)
  A basilisk (D)
  A wyvern (D)
  7 vampire mosquitoes (D)
  A chaos spawn (D)
  2 wargs (D)
  2 acid dragons (D)
  A water moccasin (D)
  A floating eye (D)
  3 orc warriors (D)
  A necrophage (D)
  A sky beast (D)
  4 wolves (D)
  2 phantoms (D)
  2 kobold brigands (D)
  A scorpion (D)
  A gnoll sergeant (D)
  2 small abominations (D)
  4 killer bees (D)
  A jelly (D)
  2 orc priests (D)
  A gnoll shaman (D)
  An orc wizard (D)
  7 gnolls (D)
  2 ufetubi (D)
  A worm (D)
  12 orcs (D)
  A bat zombie (D)
  3 endoplasms (D)
  A giant cockroach (D)
  A hobgoblin (D)
  6 jackals (D)
  2 kobolds (D)
  3 quokkas (D)
  2 ball pythons (D)
  A bat (D)
  A frilled lizard (D)
  A quokka simulacrum (D)
  A quokka zombie (D)
138 creatures vanquished.

Notes
Turn   | Place    | Note
-------+----------+-------------------------------------------
     0 | D        | mhtbhm the Deep Elf Earth Elementalist began the quest for
                  | the Orb.
     0 | D        | Reached XP level 1. HP: 10/10 MP: 6/6
    51 | D        | Found a bloodstained altar of Trog.
    51 | D        | Found a shimmering blue altar of Sif Muna.
    51 | D        | Found a viscous altar of Jiyva.
    51 | D        | Found a hazy altar of Hepliaklqana.
    51 | D        | Found an opulent altar of Gozag.
    52 | D        | Found a glowing golden altar of the Shining One.
    52 | D        | Found a glowing silver altar of Zin.
    52 | D        | Found a basalt altar of Yredelemnul.
    52 | D        | Found a shimmering altar of Xom.
    52 | D        | Found an ornate altar of the Wu Jian Council.
    52 | D        | Found a sacrificial altar of Ru.
    52 | D        | Found a stormy altar of Qazlal.
    52 | D        | Found an iron altar of Okawaru.
    52 | D        | Found a sparkling altar of Nemelex Xobeh.
    52 | D        | Found a burning altar of Makhleb.
    52 | D        | Found a blossoming altar of Fedhas.
    52 | D        | Found a white marble altar of Elyvilon.
    52 | D        | Found a shadowy altar of Dithmenos.
    52 | D        | Found a snail-covered altar of Cheibriados.
    54 | D        | Found a radiant altar of Vehumet.
    54 | D        | Found a corrupted altar of Lugonu.
    55 | D        | Found a hide-covered altar of Uskayaw.
    55 | D        | Found an ancient bone altar of Kikubaaqudgha.
    55 | D        | Found a broken altar of Ashenzari.
    62 | D        | Became a worshipper of Vehumet
   104 | D        | Reached * piety under Vehumet
   104 | D        | Offered knowledge of Magic Dart by Vehumet.
   153 | D        | Reached ** piety under Vehumet
   154 | D        | Reached XP level 2. HP: 15/15 MP: 5/8
   155 | D        | Noticed a necrophage
   159 | D        | Killed a necrophage
   160 | D        | Reached skill level 7 in Spellcasting
   160 | D        | Reached XP level 3. HP: 9/19 MP: 3/13
   160 | D        | Reached XP level 4. HP: 11/24 MP: 3/15
   160 | D        | Reached *** piety under Vehumet
   365 | D        | Noticed a sky beast
   369 | D        | Offered knowledge of Shock by Vehumet.
   370 | D        | Reached **** piety under Vehumet
   386 | D        | Learned a level 2 spell: Passwall
   390 | D        | Learned a level 3 spell: Stone Arrow
   394 | D        | Killed a sky beast
   395 | D        | Reached skill level 5 in Dodging
   395 | D        | Reached skill level 9 in Spellcasting
   395 | D        | Reached XP level 5. HP: 20/28 MP: 11/18
   396 | D        | Reached ***** piety under Vehumet
   403 | D        | Noticed an orc warrior
   413 | D        | Killed an orc warrior
   414 | D        | Reached skill level 10 in Spellcasting
   414 | D        | Reached skill level 1 in Conjurations
   414 | D        | Reached skill level 10 in Earth Magic
   414 | D        | Reached XP level 6. HP: 24/32 MP: 4/21
   616 | D        | Learned a level 5 spell: Lee's Rapid Deconstruction
   621 | D        | Learned a level 4 spell: Petrify
   622 | D        | Offered knowledge of Static Discharge by Vehumet.
   623 | D        | Reached skill level 11 in Spellcasting
   819 | D        | Offered knowledge of Airstrike by Vehumet.
   842 | D        | Noticed a wyvern
   843 | D        | Killed a wyvern
   844 | D        | Reached skill level 12 in Spellcasting
   881 | D        | Reached ****** piety under Vehumet
   882 | D        | Reached skill level 13 in Spellcasting
   882 | D        | Reached XP level 7. HP: 33/37 MP: 22/25
   920 | D        | Noticed a deep elf zephyrmancer
   922 | D        | Killed a deep elf zephyrmancer
   923 | D        | Reached skill level 5 in Stealth
   923 | D        | Reached skill level 14 in Spellcasting
   923 | D        | Reached XP level 8. HP: 42/42 MP: 19/28
  1085 | D        | Offered knowledge of Frozen Ramparts by Vehumet.
  1086 | D        | Reached skill level 15 in Spellcasting
  1232 | D        | Noticed a hornet
  1235 | D        | Offered knowledge of Iskenderun's Battlesphere by Vehumet.
  1236 | D        | Killed a hornet
  1237 | D        | Reached skill level 16 in Spellcasting
  1322 | D        | Noticed a swamp dragon
  1322 | D        | Noticed an orange demon
  1326 | D        | Killed a swamp dragon
  1327 | D        | Killed an orange demon
  1328 | D        | Reached skill level 17 in Spellcasting
  1328 | D        | Reached XP level 9. HP: 46/46 MP: 15/32
  1405 | D        | Noticed an emperor scorpion
  1412 | D        | Noticed a molten gargoyle
  1416 | D        | Killed a molten gargoyle
  1416 | D        | Offered knowledge of Fulminant Prism by Vehumet.
  1417 | D        | Reached skill level 15 in Earth Magic
  1478 | D        | Noticed a spriggan druid
  1481 | D        | Killed a spriggan druid
  1482 | D        | Reached skill level 18 in Spellcasting
  1489 | D        | Noticed a wind drake
  1491 | D        | Killed a wind drake
  1632 | D        | Reached skill level 19 in Spellcasting
  1632 | D        | Reached XP level 10. HP: 43/51 MP: 29/35
  1633 | D        | Offered knowledge of Bolt of Magma by Vehumet.
  1724 | D        | Noticed an elephant
  1724 | D        | Noticed a sea snake
  1726 | D        | Killed an elephant
  1727 | D        | Killed a sea snake
  1727 | D        | Noticed a gargoyle
  1728 | D        | Killed a gargoyle
  1729 | D        | Reached skill level 20 in Spellcasting
  1730 | D        | Noticed a two-headed ogre
  1732 | D        | Killed a two-headed ogre
  1926 | D        | Learned a level 5 spell: Bolt of Magma
  1933 | D        | Offered knowledge of Iron Shot by Vehumet.
  1936 | D        | Noticed an orc high priest
  1937 | D        | Noticed a deep elf zephyrmancer
  1938 | D        | Noticed a molten gargoyle
  1938 | D        | Noticed a soul eater
  1940 | D        | Reached skill level 21 in Spellcasting
  1941 | D        | Noticed a spriggan druid
  1943 | D        | Killed a deep elf zephyrmancer
  1944 | D        | Noticed a soul eater
  1945 | D        | Noticed an elephant
  1946 | D        | Killed a molten gargoyle
  1946 | D        | Killed a spriggan druid
  1947 | D        | Reached XP level 11. HP: 27/55 MP: 4/38
  1948 | D        | Killed an orc high priest
  1949 | D        | Reached skill level 22 in Spellcasting
  1966 | D        | Reached skill level 1 in Fighting
  2249 | D        | Found the ring of the Hare {EV+8}
  2376 | D        | Learned a level 6 spell: Iron Shot
  2551 | D        | Killed an emperor scorpion
  2552 | D        | Reached skill level 23 in Spellcasting
  2766 | D        | Offered knowledge of Lightning Bolt by Vehumet.
  2838 | D        | Noticed a swamp dragon
  2841 | D        | Killed a swamp dragon
  3067 | D        | Reached skill level 1 in Evocations
  3131 | D        | Noticed a sea snake
  3133 | D        | Killed a sea snake
  3134 | D        | Offered knowledge of Conjure Ball Lightning by Vehumet.
  3135 | D        | Reached skill level 24 in Spellcasting
  3181 | D        | Noticed a merfolk impaler
  3183 | D        | Killed a merfolk impaler
  3184 | D        | Reached XP level 12. HP: 58/60 MP: 20/42
  3317 | D        | Noticed a deep elf demonologist
  3320 | D        | Noticed a merfolk avatar
  3321 | D        | Noticed a death knight
  3321 | D        | Noticed a rakshasa
  3322 | D        | Noticed a Hell Sentinel
  3322 | D        | Offered knowledge of Lehudib's Crystal Spear by Vehumet.
  3323 | D        | Killed a deep elf demonologist
  3324 | D        | Killed a rakshasa
  3325 | D        | Reached skill level 25 in Spellcasting
  3327 | D        | Killed a merfolk avatar
  3332 | D        | Killed a death knight
  3478 | D        | Learned a level 8 spell: Lehudib's Crystal Spear
  3490 | D        | Offered knowledge of Shatter by Vehumet.
  3490 | D        | Offered knowledge of Chain Lightning by Vehumet.
  3490 | D        | Offered knowledge of Polar Vortex by Vehumet.
  3492 | D        | Reached skill level 26 in Spellcasting
  3499 | D        | Noticed a shadow dragon
  3500 | D        | Killed Harold
  3502 | D        | Killed a shadow dragon
  3503 | D        | Killed a black draconian
  3520 | D        | Slain by a ghost moth

Illustrated notes

Levels and vault maps discovered:
D:        pitsprint [storerooms_1, entrance_room_1, metal_vault_6, armoury_2,
          mini_pit_1, grid_room_1, main_hall_1, silver_pit, the_coven_3,
          the_vestibule_1, steel_vault_1, golden_pit, hallway_of_sentries,
          crystal_vault_3, iron_vault_4, final_vault]

Skill      XL: |  1  2  3  4  5  6  7  8  9 10 11 12 |
---------------+-------------------------------------+-----
Earth Magic    | 4 7 9 10 11 12 14 16 18 21 22 | 22.8
Dodging        | 3 4 5 6 7 |  7.0
Stealth        | 3 4 5 |  5.5
Spellcasting   | 7 9 10 13 14 17 19 21 24 26 | 26.8
Conjurations   | 1 2 3 4 |  4.1
Fighting       | 1 |  1.0
Evocations     | 1 |  1.0
Transmutations | 3 |  3.0

Action                   |  1- 3 |  4- 6 |  7- 9 | 10-12 || total
-------------------------+-------+-------+-------+-------++-------
Melee: Dagger            |       |     1 |     1 |       ||     2
 Cast: Sandblast         |    15 |    12 |       |     1 ||    28
       Stone Arrow       |       |     5 |     2 |     3 ||    10
       Lee's Rapid Decon |       |     8 |    24 |    74 ||   106
       Iron Shot         |       |       |       |     3 ||     3
       Petrify           |       |       |       |     4 ||     4
       Lehudib's Crystal |       |       |       |     1 ||     1
Evoke: Wand              |       |       |       |     2 ||     2
  Use: Potion            |       |     1 |       |     8 ||     9
Dodge: Dodged            |     2 |       |     9 |    22 ||    33

Table legend: (Time is in decaauts)
 A = Elapsed time spent in this place.
 B = Non-inter-level travel time spent in this place.
 C = Inter-level travel time spent in this place.
 D = Time resting spent in this place.
 E = Time spent auto-exploring this place.
 F = Levels seen in this place.
 G = Mean time per level.
                   A        B        C        D        E       F      G
               +--------+--------+--------+--------+--------+-----+--------+
         Total |   3516 |   3516 |      0 |   2501 |     85 |   1 | 3516.0 |
       Dungeon |   3516 |   3516 |      0 |   2501 |     85 |   1 | 3516.0 |
               +--------+--------+--------+--------+--------+-----+--------+

Top non-repeatable levels by time:
       D: 3516 daAuts
